 Dungeon Crawl Stone Soup version 0.22-a0-142-g91cc6d7 (webtiles) character file.

188 emikaela the Cutter (level 5, -1/45 HPs)
             Began as a Vine Stalker Chaos Knight on Feb 5, 2018.
             Slain by Natasha (3 damage)
             ... on level 4 of the Dungeon.
             The game lasted 00:09:01 (3532 turns).

emikaela the Cutter (Vine Stalker Chaos Knight)     Turns: 3532, Time: 00:09:02

Health: -1/45      AC:  6    Str: 21    XL:     5   Next: 67%
Magic:  0/6        EV: 13    Int: 12    God:    Xom [..*...]
Gold:   138        SH:  0    Dex: 13    Spells: 4/4 levels left

rFire    . . .     SeeInvis .   a - +0 short sword (holy)
rCold    + . .     Gourm    .   (no shield)
rNeg     . . .     Faith    .   k - +2 leather armour
rPois    .         Spirit   +   (no helmet)
rElec    .         Reflect  .   (no cloak)
rCorr    .         Harm     .   (no gloves)
MR       +....                  (no boots)
Stlth    ..........             (no amulet)
HPRegen  0.55/turn              (no ring)
MPRegen  0.10/turn              (no ring)

@: mighty, berserking, very quick
A: fangs 2, repulsion field 1, blink, cold resistance 1, magic resistance 1,
regeneration 1, robust 1, shaggy fur 1, magic shield, antimagic bite, no potion
heal 3, rot immunity
a: Blink, Renounce Religion


You were on level 4 of the Dungeon.
You worshipped Xom.
You were a toy of Xom.
You were not hungry.

You visited 1 branch of the dungeon, and saw 4 of its levels.

You collected 138 gold pieces.

Inventory:

Hand Weapons
 a - a +0 short sword of holy wrath (weapon)
 b - a +1 hunting sling
 w - a +0 shortbow
Missiles
 n - 35 bolts
 s - 125 stones (quivered)
 S - 38 sling bullets
Armour
 k - a +2 leather armour (worn)
 t - a +0 large shield
Scrolls
 c - 2 scrolls of remove curse
 d - a scroll of enchant weapon
 e - a scroll of brand weapon {unknown}
 f - a scroll of noise {unknown}
 j - a scroll of fog {unknown}
 p - a scroll of teleportation
Potions
 g - 2 potions of degeneration {unknown}
 h - a potion of cancellation
 l - 2 potions of brilliance {unknown}
 o - a potion of mutation {!q}
 q - 3 potions of curing
 u - 2 potions of might
 v - 2 potions of lignification {!q}
Comestibles
 r - 5 rations


   Skills:
 + Level 3.6 Fighting
 * Level 4.4 Short Blades
 - Level 1.5 Armour
 - Level 0.7 Dodging
 + Level 3.2 Stealth


You had 4 spell levels left.
You didn't know any spells.

Dungeon Overview and Level Annotations

Branches:
Dungeon (4/15)
 Temple: D:4-7

Altars:
Cheibriados
Fedhas
Nemelex Xobeh
Sif Muna
Wu Jian

Annotations:
D:3 exclusions: door and oklob plant
D:4 Natasha


Innate Abilities, Weirdness & Mutations

You have extremely sharp teeth.
Your natural rate of healing is unusually fast.
When hurt, damage is shared between your health and your magic reserves.
Your bite disrupts and absorbs the magic of your enemies.
Potions cannot restore your health.
You are immune to rotting.
You are surrounded by a mild repulsion field. (EV +2)
You can translocate small distances at will.
Your flesh is cold resistant. (rC+)
You are resistant to hostile enchantments. (MR+)
You are robust. (+10% HP)
You are covered in fur. (AC +1)


Message History

Natasha is lightly wounded.
Xom grants you a minor favour.
You feel very mighty all of a sudden. The crimson imp hits you.
Natasha mewls in sadness.
Natasha claws you.
You puncture Natasha! Your bite misses Natasha.
Natasha is heavily wounded.
The crimson imp barely misses you. Natasha claws you!
* * * LOW MAGIC WARNING * * *;
* * * LOW HITPOINT WARNING * * *
Really quaff
m - a potion of berserk rage {!q}?
A red film seems to cover your vision as you go berserk!
You feel yourself moving faster!
You feel mighty!
Xom is mildly amused.
The crimson imp hits you.
* * * LOW HITPOINT WARNING * * *
Natasha claws you.
* * * LOW MAGIC WARNING * * *
You die...
Xom howls with laughter!

##.#.......###...###.#
..........>.........#.#
###..........#......#.#
####..............#.#
#.#......#######†#
#.#........ ..#
#####.#..#..### ####
#......5.#..#
#.#...@#.#### #..h5#.#
#....#.# #....#%#
####.#.# ..#.# ###


You could see Natasha, a crimson imp and a white imp.

Vanquished Creatures
  A hound (D:3)
  Terence (D:2)
  3 adders
  An ooze (D:1)
  2 worms
  A dart slug (D:1)
  2 leopard geckos (D:1)
  3 giant cockroaches
  9 goblins
  13 hobgoblins
  16 jackals
  11 kobolds
  4 bats
  8 frilled lizards
  5 rats
80 creatures vanquished.

Notes
Turn   | Place    | Note
-------+----------+-------------------------------------------
     0 | D:1      | emikaela the Vine Stalker Chaos Knight began the quest for the Orb.
     0 | D:1      | Reached XP level 1. HP: 11/11 MP: 2/2
   267 | D:1      | XOM: cast spell 'Olgreb's Toxic Radiance'
   269 | D:1      | Reached skill level 3 in Short Blades
   269 | D:1      | Reached XP level 2. HP: 7/16 MP: 3/3
   269 | D:1      | Reached skill level 1 in Stealth
   403 | D:1      | XOM: harmless Fire miscast
   605 | D:1      | Reached XP level 3. HP: 19/19 MP: 4/4
  1031 | D:1      | XOM: noise
  1443 | D:2      | XOM: harmless Pois miscast
  1480 | D:2      | Gained mutation: Your natural rate of healing is unusually fast. [Vine Stalker growth]
  1480 | D:2      | Reached XP level 4. HP: 24/24 MP: 5/5
  1539 | D:2      | Noticed Terence
  1539 | D:2      | XOM: harmless Conj miscast
  1546 | D:2      | Killed Terence
  1616 | D:2      | XOM: harmless Summ miscast
  1760 | D:2      | XOM: noise
  1874 | D:2      | XOM: enchant monster (bad)
  1882 | D:2      | Reached skill level 4 in Short Blades
  1904 | D:2      | Reached XP level 5. HP: 24/28 MP: 4/6
  2162 | D:2      | XOM: noise
  2199 | D:2      | XOM: harmless Chrm miscast
  2204 | D:2      | Found a snail-covered altar of Cheibriados.
  2267 | D:2      | XOM: give mutations
  2267 | D:2      | Gained mutation: You can translocate small distances at will. [Xom's grace]
  2267 | D:2      | Gained mutation: You are resistant to hostile enchantments. (MR+) [Xom's grace]
  2267 | D:2      | Gained mutation: You are robust. (+10% HP) [Xom's grace]
  2356 | D:2      | XOM: god gift: shortbow {god gift}
  2681 | D:3      | XOM: give mutations
  2681 | D:3      | Gained mutation: You are covered in fur. (AC +1) [Xom's grace]
  2681 | D:3      | Gained mutation: Your flesh is cold resistant. (rC+) [Xom's grace]
  2681 | D:3      | Gained mutation: You are surrounded by a mild repulsion field. (EV +2) [Xom's grace]
  2712 | D:3      | Found a faded altar of an unknown god.
  2733 | D:3      | XOM: harmless Fire miscast
  2761 | D:3      | Found a blossoming altar of Fedhas.
  2775 | D:3      | Noticed an oklob plant
  2866 | D:3      | XOM: mild Ice miscast
  2874 | D:3      | Found a sparkling altar of Nemelex Xobeh.
  2917 | D:3      | Found an ornate altar of the Wu Jian Council.
  3089 | D:3      | Found a deep blue altar of Sif Muna.
  3335 | D:3      | XOM: cloud trail
  3471 | D:4      | XOM: god gift: scroll labeled YFODDUOKIS {god gift}
  3505 | D:4      | Noticed Natasha
  3527 | D:4      | XOM: harmless Summ miscast
  3530 | D:4      | XOM: potion effect (might)
  3532 | D:4      | HP: 2/45 [crimson imp[Natasha] (1)]
  3532 | D:4      | Slain by Natasha

Vault maps used:
D:1:      lightli_arrival_maybe_door_vault, minmay_lizard_king
D:2:      marbit_many_paths, first_ration, uniq_terence
D:3:      old_standard_altar, led_sif_book, nemelex_xobeh_ov_fountains_minmay,
          chequers_ecumenical_altar_island, tgw_fedhas
D:4:      serial_shops, shop_statue, item_on_display_a, uniq_robin,
          uniq_natasha, uniq_crazy_yiuf_cottage

Skill      XL: |  1  2  3  4  5 |
---------------+----------------+-----
Short Blades   | 3 4 |  4.4
Stealth        | 1 2 3 |  3.2
Fighting       | 3 |  3.6
Armour         | |  1.5
Dodging        | |  0.7

Action                   |  1- 3 |  4- 6 || total
-------------------------+-------+-------++-------
Melee: Short sword       |   111 |    98 ||   209
       Bite              |    25 |    24 ||    49
 Fire: Hunting sling     |       |    54 ||    54
Throw: Stone             |    31 |    78 ||   109
  Use: Scroll            |       |    10 ||    10
       Potion            |       |     1 ||     1
 Stab: Sleeping          |       |     1 ||     1
  Eat: Chunk             |     2 |     6 ||     8
Armor: Leather armour    |    34 |    46 ||    80
Dodge: Dodged            |    58 |    79 ||   137

Table legend:
 A = Spawn XP
 B = Non-spawn XP
 C = Spawn XP percentage of total XP
 D = Spawn monster count
 E = Non-spawn monster count
 F = Spawn count percentage of total count
 G = Total turns spent on level
                    A         B        C        D         E        F      G
               +---------+---------+-------+---------+---------+-------+---------
         Total |       0 |     269 |   0.0 |       0 |      80 |   0.0 |  3532
               +---------+---------+-------+---------+---------+-------+---------
           D:1 |       0 |      70 |   0.0 |       0 |      36 |   0.0 |  1337
           D:2 |       0 |     107 |   0.0 |       0 |      30 |   0.0 |  1323
           D:3 |       0 |      87 |   0.0 |       0 |      13 |   0.0 |   787
           D:4 |       0 |       5 |   0.0 |       0 |       1 |   0.0 |    85
               +---------+---------+-------+---------+---------+-------+---------
